 Dungeon Crawl Stone Soup version 0.21-a0-591-g2314aa1 (webtiles) character file.

2163 Amnesiac the Conjurer (level 9, -1/46 HPs)
             Began as a Deep Elf Ice Elementalist on Dec 22, 2017.
             Killed from afar by Harold (28 damage)
             ... with a bolt of fire
             ... on level 10 of the Dungeon.
             The game lasted 00:14:56 (6449 turns).

Amnesiac the Conjurer (Deep Elf Ice Elementalist)   Turns: 6449, Time: 00:14:57

Health: -1/46      AC:  4    Str:  5    XL:     9   Next: 10%
Magic:  20/20      EV: 11    Int: 24    God:
Gold:   636        SH:  0    Dex: 25    Spells: 7/21 levels left

rFire    . . .     SeeInvis .   A - +4 trident of Forakhloo {pain, rC+ Dex+3}
rCold    + . .     Gourm    .   (no shield)
rNeg     . . .     Faith    .   B - +5 ring mail of Jigsaw {rCorr Dex+2}
rPois    +         Spirit   .   (helmet restricted)
rElec    .         Reflect  .   m - +0 cloak
rCorr    +         Harm     .   (no gloves)
MR       .....     Clarity  +   H - +0 pair of boots
Stlth    ++........             (no amulet)
HPRegen  0.15/turn              I - +5 ring of dexterity
MPRegen  0.17/turn              (no ring)

@: about to teleport, corroded
A: horns 1, clarity, frail 1, poison resistance
a: no special abilities


You were on level 10 of the Dungeon.
You were hungry.

You visited 1 branch of the dungeon, and saw 8 of its levels.
You also visited: Ossuary.

You collected 636 gold pieces.

Inventory:

Hand Weapons
 j - a +2 dagger of venom
 A - the +4 trident of Forakhloo (weapon) {pain, rC+ Dex+3}
   (You found it on level 5 of the Dungeon)

   In the hands of one skilled in necromantic magic, it inflicts extra damage on
   living creatures.
   It affects your dexterity (+3).
   It protects you from cold.
Missiles
 f - 239 stones (quivered)
 n - 15 poisoned needles
Armour
 a - a +0 robe
 l - a +0 helmet
 m - a +0 cloak (worn)
 B - the +5 ring mail of Jigsaw (worn) {rCorr Dex+2}
   (You found it on level 6 of the Dungeon)

   It affects your dexterity (+2).
   It protects you from acid and corrosion.
 H - a +0 pair of boots (worn)
Jewellery
 I - a +5 ring of dexterity (left hand)
Wands
 q - a wand of flame (33)
Scrolls
 e - 4 scrolls of remove curse {!r}
 h - a scroll of noise {!r, unknown}
 i - 2 scrolls of magic mapping {!r, unknown}
 o - 4 scrolls of teleportation {!r}
 u - 2 scrolls of immolation {!r, unknown}
 x - 2 scrolls of enchant weapon {!r, unknown}
 y - a scroll of fear {!r, unknown}
 D - a scroll of amnesia {!r, unknown}
 E - a scroll of enchant armour {!r, unknown}
 F - a scroll of random uselessness {!r, unknown}
 G - 3 scrolls of identify {!r}
Potions
 g - 3 potions of curing {!q}
 p - 2 potions of lignification {!q, unknown}
 r - 3 potions of might {!q}
 s - 2 potions of cancellation {!q, unknown}
 t - a potion of magic {!q}
 w - a potion of haste {!q, unknown}
 z - a potion of berserk rage {!q}
 C - a potion of flight {!q, unknown}
Books
 b - a book of Frost

   Spells                             Type                      Level
   a - Freeze                         Ice                          1
   b - Throw Frost                    Conjuration/Ice              2
   c - Ozocubu's Armour               Charms/Ice                   3
   d - Throw Icicle                   Conjuration/Ice              4
   e - Summon Ice Beast               Ice/Summoning                4
 v - a book of Maledictions

   Spells                             Type                      Level
   a - Corona                         Hexes                        1
   b - Ensorcelled Hibernation        Hexes/Ice                    2
   c - Confuse                        Hexes                        3
   d - Tukima's Dance                 Hexes                        3
   e - Dazzling Spray                 Conjuration/Hexes            3
Comestibles
 c - 10 rations
 k - 3 chunks of flesh


   Skills:
 * Level 4.0 Fighting
 + Level 4.0 Dodging
 - Level 2.4 Stealth
 + Level 6.6 Spellcasting
 * Level 7.8 Conjurations
 * Level 7.7 Ice Magic


You had 7 spell levels left.
You knew the following spells:

 Your Spells              Type           Power        Failure   Level  Hunger
a - Throw Frost           Conj/Ice       #####.       2%          2    None
b - Ozocubu's Armour      Chrm/Ice       ####....     22%         3    None
c - Throw Icicle          Conj/Ice       #####...     14%         4    ###....
d - Freeze                Ice            ####         1%          1    None
e - Summon Ice Beast      Ice/Summ       ####....     58%         4    ###....


Dungeon Overview and Level Annotations

Branches:
Dungeon (7/15)
 Temple: D:4-7

Altars:
Cheibriados
Trog
Zin

Shops:
D:6 =

Annotations:
D:5 1 runed door
D:10 Harold


Innate Abilities, Weirdness & Mutations

You have a pair of small horns on your head.
You possess an exceptional clarity of mind.
You are frail. (-10% HP)
Your system is resistant to poisons. (rPois)


Message History

Confirm with . or Enter, or press ? or * to list all spells.
Aiming: Throw Frost
Press: ? - help, Shift-Dir - straight line, f/p - crimson imp
Aim: a crimson imp The puff of frost hits the crimson imp.
The crimson imp is frozen!
You kill the crimson imp!
Your Dodging skill increases to level 4!
Casting: Throw Frost
Confirm with . or Enter, or press ? or * to list all spells.
You can't see any susceptible monsters within range! (Use Z to cast anyway.)
F - a scroll labeled TAG OPTATONECO {!r}
Found a stone staircase leading down.
You fall through a shaft for 3 floors!
The shaft crumbles and collapses. 3 orcs, an orc wizard and Harold come into view.
The orc wizard hits you but does no damage.
The orc shouts!
The orc wizard hits you but does no damage.
The orc barely misses you.
You open the door.
You are feeling hungry.
The orc hits you but does no damage.
There is an open door here.
You open the door. 4 orcs and an orc warrior come into view.
The orc warrior shouts!
The orc shouts! x2
Harold zaps a wand.
The bolt of acid hits the orc.
The orc is splashed with acid.
The acid corrodes the orc!
The orc dies!
The bolt of acid hits you! You resist. The acid corrodes you!
You are splashed with acid!
The acid burns!
You resist.
It is a wand of acid (7).
An orc comes into view. It is wielding a club.
The orc shouts!
Unknown command.
Really read
e - 5 scrolls labeled YTWALIUVAA {!r}?
As you read the scroll labeled YTWALIUVAA {!r}, it crumbles to dust.
You feel blessed for a moment.
It was a scroll of remove curse {!r}.
The orc shouts!
Harold throws a throwing net.
The throwing net closely misses you.
The throwing net hits the orc.
The orc is caught in the net!
The orc shouts!
Really read
o - 5 scrolls labeled UWKEABBEOGH {!r}?
As you read the scroll labeled UWKEABBEOGH {!r}, it crumbles to dust.
You feel strangely unstable.
It was a scroll of teleportation {!r}.
The orc struggles against the net.
Harold zaps a wand.
The bolt of acid hits you! You resist.
* * * LOW HITPOINT WARNING * * *
The acid corrodes you!
You are splashed with acid!
The acid burns!
You resist.
* * * LOW HITPOINT WARNING * * *
Really quaff
d - a potion of heal wounds {!q}?
You feel much better. Harold casts a spell at you. The bolt of fire hits you!
Ouch! That really hurt!
* * * LOW HITPOINT WARNING * * *
The orc struggles against the net.
The orc warrior misses you. The orc hits you but does no damage.
Really quaff
g - 4 potions of curing {!q}?
You feel better.
Harold points at you and mumbles some strange words.
The bolt of fire hits you!
Ouch! That really hurt!
You die...

+## .... .....
....o.###
....ooo@########
.....o#o)..@...#
.....
######.#o###
.... #.....# ..
#+# #####@###.#
#.........#
####.....##
###.o#####
#...@o..#


You could see Harold, an orc warrior, an orc wizard and 5 orcs.

Vanquished Creatures
  The ghost of Regeox the Cleaver, a novice HOFi of Okawaru (D:7)
  The ghost of Squigly the Magician, a novice DEIE (D:5)
  The ghost of DEFE the Vexing, an amateur DEAM of Ashenzari (D:4)
  A phantom (D:6)
  3 ogres
  A necrophage (D:7)
  2 bullfrogs
  2 scorpions (D:4)
  3 crimson imps
  A jelly (D:1)
  A gnoll shaman (D:4)
  A hound (D:4)
  An iguana (D:7)
  Terence (D:3)
  3 orc wizards
  4 worker ants
  A big kobold zombie (Ossuary)
  A hound zombie (D:6)
  2 mummies (Ossuary)
  A worker ant zombie (D:6)
  4 adders
  4 gnolls (D:3)
  7 oozes (D:1)
  2 adder skeletons
  A worm (D:2)
  4 dart slugs
  2 leopard geckos
  17 orcs
  11 giant cockroaches
  8 goblins
  4 hobgoblins
  12 jackals
  5 kobolds
  3 quokkas
  A ball python (D:1)
  12 bats
  A frilled lizard (D:3)
  A kobold zombie (Ossuary)
  A leopard gecko zombie (D:6)
  An orc zombie (Ossuary)
  5 rats (D:1)
138 creatures vanquished.

Vanquished Creatures (collateral kills)
  An orc warrior (D:6)
  3 hounds
  An orc wizard (D:6)
  2 worker ants (D:6)
  6 mummies (Ossuary)
  3 gnolls (D:6)
  A leopard gecko (D:7)
  An orc (D:6)
  2 gnoll zombies (Ossuary)
  2 hobgoblin zombies (Ossuary)
  A jackal skeleton (D:6)
  An orc zombie (Ossuary)
24 creatures vanquished.

Vanquished Creatures (others)
  An orc (D:10)
  A fungus (D:2)
2 creatures vanquished.

Grand Total: 164 creatures vanquished

Notes
Turn   | Place    | Note
-------+----------+-------------------------------------------
     0 | D:1      | Amnesiac the Deep Elf Ice Elementalist began the quest for the Orb.
     0 | D:1      | Reached XP level 1. HP: 10/10 MP: 6/6
     1 | D:1      | Found a runed door.
     3 | D:1      | Noticed a jelly
    70 | D:1      | Reached XP level 2. HP: 13/15 MP: 5/8
   149 | D:1      | Learned a level 2 spell: Throw Frost
   512 | D:1      | Reached XP level 3. HP: 14/19 MP: 6/10
   517 | D:1      | Learned a level 3 spell: Ozocubu's Armour
   914 | D:1      | Reached XP level 4. HP: 10/24 MP: 2/11
  1411 | D:2      | Found a glowing silver altar of Zin.
  1687 | D:2      | Reached XP level 5. HP: 26/28 MP: 9/12
  1758 | D:2      | Found a bloodstained altar of Trog.
  2530 | D:3      | Reached skill level 1 in Fighting
  2580 | D:3      | Learned a level 4 spell: Throw Icicle
  2631 | D:3      | Reached XP level 6. HP: 34/34 MP: 7/14
  2650 | D:3      | Noticed Terence
  2685 | D:3      | Killed Terence
  2973 | D:4      | Reached skill level 5 in Conjurations
  3001 | D:4      | Reached skill level 5 in Ice Magic
  3236 | D:4      | Noticed DEFE's ghost (amateur DEAM)
  3245 | D:4      | Killed DEFE's ghost
  3245 | D:4      | Reached XP level 7. HP: 31/39 MP: 6/16
  3253 | D:4      | Found a sand-covered staircase.
  3277 | D:4      | Learned a level 4 spell: Summon Ice Beast
  3278 | Ossuary  | Entered an ossuary
  3339 | Ossuary  | Reached skill level 5 in Spellcasting
  3944 | D:4      | You fall through a shaft for 2 floors!
  4011 | D:5      | Entered Level 5 of the Dungeon
  4037 | D:5      | Noticed Squigly's ghost (novice DEIE)
  4040 | D:5      | Found a glowing silver altar of Zin.
  4041 | D:5      | Found a runed door.
  4041 | D:5      | Noticed an angel
  4049 | D:5      | Got a fine trident
  4058 | D:5      | Identified the +4 trident of Forakhloo {pain, rC+ Dex+3} (You found it on level 5 of the Dungeon)
  4160 | D:6      | Got a steaming ring mail
  4340 | D:6      | Reached XP level 8. HP: 27/45 MP: 12/18
  4958 | D:6      | Found Ypie's Jewellery Shop.
  5194 | D:5      | Killed Squigly's ghost
  5298 | D:5      | Found a snail-covered altar of Cheibriados.
  5915 | D:7      | Noticed Regeox's ghost (novice HOFi)
  5938 | D:7      | Gained mutation: You possess an exceptional clarity of mind. [potion of mutation]
  5938 | D:7      | Gained mutation: You have a pair of small horns on your head. [potion of mutation]
  5938 | D:7      | Gained mutation: You are frail. (-10% HP) [potion of mutation]
  5938 | D:7      | Gained mutation: Your system is resistant to poisons. (rPois) [potion of mutation]
  5943 | D:7      | Killed Regeox's ghost
  5943 | D:7      | Reached XP level 9. HP: 35/46 MP: 1/20
  6002 | D:7      | Identified the +5 ring mail of Jigsaw {rCorr Dex+2} (You found it on level 6 of the Dungeon)
  6426 | D:7      | You fall through a shaft for 3 floors!
  6426 | D:10     | Entered Level 10 of the Dungeon
  6426 | D:10     | Noticed Harold
  6449 | D:10     | Killed from afar by Harold

Vault maps used:
D:1:      dpeg_arrival_caged_fury
D:2:      nicolae_overflow_crystal_walls, lemuel_round_altar,
          minmay_gold_behind_fungi, minivault_4
D:3:      feat_on_display, uniq_terence
D:4:      kb_forest_paths, nicolae_ossuary_entry_ruins
D:5:      cheibriados_altar_1, first_ration, minivault_23, lemuel_angel_altar
D:6:      serial_shops, shop
D:7:      minmay_temple_entry_statues_pillars, kennysheep_generic_room_12
D:10:     hangedman_ranch, uniq_gastronok, uniq_harold, uniq_maurice
Ossuary:  ossuary_tomb_3

Skill      XL: |  1  2  3  4  5  6  7  8  9 |
---------------+----------------------------+-----
Ice Magic      | 4 5 6 7 |  7.7
Conjurations   | 2 3 4 5 6 7 |  7.8
Spellcasting   | 4 5 6 |  6.6
Fighting       | 1 2 3 4 |  4.0
Dodging        | 3 4 |  4.0
Stealth        | |  2.4

Action                   |  1- 3 |  4- 6 |  7- 9 || total
-------------------------+-------+-------+-------++-------
Melee: Unarmed           |     2 |       |       ||     2
       Dagger            |     5 |    51 |    53 ||   109
       Trident           |       |       |    70 ||    70
       Headbutt          |       |       |     1 ||     1
 Cast: Freeze            |    41 |   101 |    38 ||   180
       Ozocubu's Armour  |     1 |     5 |     3 ||     9
       Throw Frost       |       |     2 |    36 ||    38
       Summon Ice Beast  |       |       |    22 ||    22
       Throw Icicle      |       |       |     4 ||     4
  Use: Scroll            |       |       |     6 ||     6
       Potion            |       |       |    11 ||    11
 Stab: Distracted        |       |       |     3 ||     3
       Sleeping          |       |       |     1 ||     1
       Invisible         |       |       |     1 ||     1
  Eat: Chunk             |       |     4 |    10 ||    14
       Ration            |       |     1 |     1 ||     2
Armor: Robe              |     8 |    29 |    47 ||    84
       Ring mail         |       |       |     6 ||     6
Dodge: Dodged            |    16 |    88 |   137 ||   241

Table legend:
 A = Spawn XP
 B = Non-spawn XP
 C = Spawn XP percentage of total XP
 D = Spawn monster count
 E = Non-spawn monster count
 F = Spawn count percentage of total count
 G = Total turns spent on level
                    A         B        C        D         E        F      G
               +---------+---------+-------+---------+---------+-------+---------
         Total |       0 |    3090 |   0.0 |       0 |     162 |   0.0 |  6449
               +---------+---------+-------+---------+---------+-------+---------
           D:1 |       0 |     152 |   0.0 |       0 |      41 |   0.0 |  1339
           D:2 |       0 |      56 |   0.0 |       0 |      16 |   0.0 |   932
           D:3 |       0 |     215 |   0.0 |       0 |      25 |   0.0 |   627
           D:4 |       0 |     730 |   0.0 |       0 |      27 |   0.0 |   819
           D:5 |       0 |     460 |   0.0 |       0 |       5 |   0.0 |   513
           D:6 |       0 |     574 |   0.0 |       0 |      23 |   0.0 |  1150
           D:7 |       0 |     793 |   0.0 |       0 |       9 |   0.0 |   731
       Ossuary |       0 |     110 |   0.0 |       0 |      16 |   0.0 |   315
               +---------+---------+-------+---------+---------+-------+---------
